AoeStats
← Vortex

Black Forest

509414441Analyzed
4v4 RM · 6d ago on Sep 26, 2026· 45m 19s· 8 players
Game mode
Random Map
Map size
Large (8 player)
Population
200
Speed
Normal
Resources
Standard
Victory
Conquest
Starting age
Dark Age
Ending age
Imperial Age
RankedLock teamsTeams togetherTeam positionsShared explorationLock speedFull tech treeHidden civsTurbo modeCheats
Victory
Defeat
🇨🇴 Armenians · Colombia
1684
+15
🇧🇩 Spanish · Bangladesh
1661
+16
🇩🇪 Koreans · Germany
1603
+18
🇺🇸 Franks · United States
1504
+21
🇹🇷 Bohemians · Türkiye
1690
-19
🇹🇷 Wu · Türkiye
1673
-19
🇹🇷 Varangians · Türkiye
1650
-18
🇹🇷 Mongols · Türkiye
1571
-14
Carboncito
12:43 Feudal Age
13:24 Double-Bit Axe
18:49 Castle Age
17:15 Horse Collar
20:26 Fishing Lines
21:49 Loom
22:48 Bow Saw
23:08 Gold Mining
23:16 Gillnets
24:30 Heavy Plow
29:01 Imperial Age
26:37 Scale Mail Armor
26:48 Forging
26:39 Squires
27:38 Chain Mail Armor
27:43 Gambesons
27:44 Arson
27:20 Man-at-Arms
28:48 Long Swordsman
29:09 Capped Ram
30:27 Plate Mail Armor
30:34 Iron Casting
30:38 Wheelbarrow
29:39 Two-Handed Swordsman
31:08 Champion
31:57 Pikeman
33:39 Blast Furnace
32:59 Hand Cart
33:03 Halberdier
33:45 Town Watch
35:01 Town Patrol
37:09 Caravan
36:55 Siege Ram
38:26 Stone Mining
39:12 Gold Shaft Mining
39:51 Coinage
39:32 Guilds
41:53 Masonry
43:56 Banking
44:44 Fereters
45:00 Conscription
JayZaddy
11:03 Feudal Age
15:52 Castle Age
14:12 Double-Bit Axe
15:11 Fishing Lines
16:54 Bow Saw
21:55 Scale Barding Armor
23:33 Forging
24:03 Devotion
24:55 Chain Barding Armor
24:54 Husbandry
26:06 Iron Casting
27:56 Wheelbarrow
30:57 Imperial Age
28:54 Gillnets
29:22 Hand Cart
28:53 Town Watch
29:34 Gold Mining
31:09 Cavalier
32:41 Gold Shaft Mining
32:47 Plate Barding Armor
33:12 Blast Furnace
32:43 Paladin
32:49 Paladin
34:55 Coinage
36:30 Banking
36:55 Caravan
39:30 Chemistry
Ansi
2:53 Loom
16:12 Feudal Age
16:49 Double-Bit Axe
25:41 Castle Age
26:59 Bow Saw
26:52 Fishing Lines
28:37 Horse Collar
31:22 Wheelbarrow
30:59 Gillnets
32:45 Fletching
35:44 Imperial Age
33:39 Ballistics
33:34 Bodkin Arrow
34:59 Masonry
36:04 Gold Mining
36:04 Stone Mining
37:31 Chemistry
36:50 Bracer
37:10 Hand Cart
38:29 Architecture
38:29 Siege Engineers
38:32 Caravan
39:12 Arrowslits
41:47 Treadmill Crane
Vortex
1:06 Loom
11:52 Feudal Age
15:29 Castle Age
14:18 Double-Bit Axe
14:14 Horse Collar
14:47 Fletching
16:49 Bow Saw
16:49 Town Watch
29:46 Imperial Age
30:29 Wheelbarrow
30:09 Scale Barding Armor
31:43 Conscription
34:29 Two-Man Saw
33:08 Pikeman
33:34 Gambesons
33:50 Scale Mail Armor
34:01 Forging
34:47 Chain Mail Armor
35:07 Hand Cart
34:52 Halberdier
37:28 Chemistry
40:06 Squires
39:51 Arson
40:45 Bombard Tower
41:05 Plate Mail Armor
USTA
0:57 Loom
11:11 Feudal Age
12:20 Double-Bit Axe
20:03 Castle Age
18:19 Stone Mining
26:48 Bow Saw
28:05 Fletching
28:51 Bodkin Arrow
31:25 Wheelbarrow
35:38 Imperial Age
33:20 Padded Archer Armor
34:41 Hand Cart
34:07 Horse Collar
35:10 Gold Mining
36:05 Leather Archer Armor
36:13 Ballistics
35:53 Town Watch
36:29 Bracer
38:09 Chemistry
38:51 Sitting Tiger
39:11 Conscription
40:11 Scale Mail Armor
40:21 Forging
40:27 Leather Archer Armor
40:19 Scale Mail Armor
40:30 Forging
40:28 Pikeman
41:09 Squires
Theos
5:28 Loom
11:55 Feudal Age
16:25 Castle Age
14:57 Double-Bit Axe
17:07 Fishing Lines
19:25 Gillnets
20:41 Wheelbarrow
22:02 Bow Saw
26:34 Fervor
27:07 Sanctity
29:35 Imperial Age
29:56 Chemistry
30:17 Caravan
30:47 Redemption
30:53 Block Printing
31:04 Illumination
30:43 Pikeman
32:20 Padded Archer Armor
32:36 Hand Cart
33:33 Leather Archer Armor
32:52 Houfnice
34:54 Conscription
36:45 Ring Archer Armor
38:33 Horse Collar
39:02 Wagenburg Tactics
39:46 Scale Mail Armor
41:51 Halberdier
42:33 Squires
42:49 Chain Mail Armor
Kuş Bilge
3:24 Loom
12:07 Feudal Age
13:12 Double-Bit Axe
15:59 Castle Age
17:06 Fishing Lines
19:00 Bow Saw
21:50 Horse Collar
22:43 Heavy Plow
24:03 Wheelbarrow
24:03 Gillnets
26:47 Stone Mining
26:49 Gold Mining
30:15 Imperial Age
28:14 Scale Barding Armor
28:20 Forging
28:31 Hand Cart
28:47 Vendel Legacy
29:54 Bloodlines
29:44 Husbandry
30:07 Chain Barding Armor
31:16 Stone Shaft Mining
30:56 Cavalier
32:45 Plate Barding Armor
32:47 Iron Casting
33:07 Conscription
33:50 Caravan
36:31 Blast Furnace
35:17 Elite Jarl
35:26 Elite Jarl
37:49 Two-Man Saw
Sekov
0:48 Loom
18:12 Feudal Age
18:48 Double-Bit Axe
24:01 Castle Age
25:10 Town Watch
26:13 Bow Saw
44:44 Wheelbarrow
Connection lost

Rejoining the realm…

Still unreachable

The connection could not be restored.

Session expired

The server has moved on; the page needs a fresh start.